 Dungeon Crawl Stone Soup version 0.32-a0-636-g4925a30cd0 (webtiles) character file.

Game seed: 8979002970185202105

1481809 EnegeticOcto the Placeless Goblin (level 26, 200/200 HPs)
             Began as a Coglin Delver on Mar 7, 2024.
             Was a Follower of Uskayaw.
             Escaped with the Orb
             ... and 3 runes!
             The game lasted 02:23:40 (84973 turns).

EnegeticOcto the Placeless Goblin (Coglin Delver)  Turns: 84973, Time: 02:23:41

Health: 200/200    AC: 26    Str: 10    XL:     26   Next: 60%
Magic:  42/46      EV: 32    Int: 10    God:    Uskayaw [*.....]
Gold:   1301       SH:  0    Dex: 37    Spells: 28/54 levels left

rFire   + + .        O - +9 demon blade (drain) {Haoran}
rCold   + + .        B - +9 double sword (freeze) {Consuela}
rNeg    . . .        j - +5 moon troll leather armour {Spirit, Regen++ MP+5}
rPois   .            p - +2 helmet
rElec   .            N - +1 cloak "Veyn" {rC+ Str-3 Dex+5}
rCorr   .            y - +2 pair of gloves {Dex+3}
SInv    .            F - +3 pair of mountain boots {steadfast, rC+}
Will    ++...        (amulet unavailable)
Stlth   ++           (ring unavailable)
HPRegen 2.93/turn    (ring unavailable)
MPRegen 0.70/turn    t - thermorecursive subsystem {rF+ Will+ Regen+ RegenMP+}

%: guardian spirit
@: studying Fighting
A: off-hand wielding, slow wielding, warmup strikes, no jewellery, iridescent
scales 1, agile 1, fire resistance 1
0: Orb of Zot
}: 3/15 runes: serpentine, barnacled, silver
a: Renounce Religion, Stomp


You escaped.
You worshipped Uskayaw.
Uskayaw was pleased with you.
You visited 10 branches of the dungeon, and saw 48 of its levels.
You also visited: Trove.

You collected 6553 gold pieces.
You spent 5252 gold pieces at shops.

Inventory:

Hand Weapons
 B - a +9 double sword of freezing (offhand) {Consuela}
   (You acquired it on level 3 of the Elven Halls)
 O - a +9 demon blade of draining (weapon) {Haoran}
   (You took it off a deep elf death mage on level 3 of the Elven Halls)
Missiles
 i - 6 silver javelins
 u - 7 throwing nets {!f}
 L - 58 boomerangs
 M - 16 javelins
Armour
 j - the +5 moon troll leather armour (worn) {Spirit, Regen++ MP+5}
   (You took it off a merfolk on level 4 of the Shoals)

   MP+5:      It affects your magic capacity (+5).
   Regen++:   It increases your rate of health regeneration.
 p - a +2 helmet (worn)
   (You found it on level 4 of the Dungeon)
 y - a +2 pair of gloves of dexterity (worn)
   (You found it on level 4 of the Snake Pit)
 F - the +3 pair of mountain boots (worn) {steadfast, rC+}
   (You found it in a treasure trove)

   Steadfast: It prevents involuntary movement, except for blinking,
   teleportation, or banishment.
   rC+:       It protects you from cold.
 N - the +1 cloak "Veyn" (worn) {rC+ Str-3 Dex+5}
   (You found it in a treasure trove)

   Str-3:     It affects your strength (-3).
   Dex+5:     It affects your dexterity (+5).
   rC+:       It protects you from cold.
Gizmo
 t - a thermorecursive subsystem (installed) {rF+ Will+ Regen+ RegenMP+}
   (You invented it yourself on level 5 of the Lair of Beasts)

   [thermorecursive subsystem]

   rF+:       It protects you from fire.
   Will+:     It increases your willpower.
   Regen+:    It increases your rate of health regeneration.
   RegenMP+:  It increases your rate of magic regeneration.
Wands
 c - a wand of polymorph (16)
   (You found it on level 3 of the Shoals)
 g - a wand of digging (16) {@v3}
 A - a wand of charming (24)
   (You found it on level 2 of the Lair of Beasts)
 H - a wand of mindburst (12)
   (You found it on level 3 of the Elven Halls)
 Q - a wand of roots (38) {@v2}
   (You found it on level 10 of the Dungeon)
 S - a wand of light (8) {@v1}
   (You found it on level 3 of the Elven Halls)
 T - a wand of flame (53) {@v4}
   (You found it on level 3 of the Elven Halls)
Scrolls
 d - 11 scrolls of revelation {@r5 !r}
 f - 3 scrolls of poison {!r}
 k - 7 scrolls of immolation
 o - 17 scrolls of teleportation {@r3 !r}
 r - 6 scrolls of silence {!r}
 s - 3 scrolls of torment
 v - 10 scrolls of fog {!r}
 w - 16 scrolls of blinking {@r4}
 C - 4 scrolls of fear {!r}
 E - 2 scrolls of enchant armour
 U - 2 scrolls of brand weapon
 V - 3 scrolls of butterflies {!r}
 W - 10 scrolls of vulnerability
Potions
 b - 7 potions of lignification {@q6}
 e - 33 potions of curing {@q1 !q}
 h - 4 potions of cancellation
 l - 7 potions of haste {@q4 !q}
 n - 13 potions of might {@q3 !q}
 q - 2 potions of berserk rage
 x - 5 potions of mutation
 z - 17 potions of enlightenment
 D - 8 potions of resistance
 G - 3 potions of attraction
 I - 3 potions of magic
 J - 19 potions of heal wounds {@q2 !q}
 K - 7 potions of brilliance
 P - 2 potions of ambrosia
 X - 2 potions of invisibility
Miscellaneous
 a - a phial of floods
   (You found it on level 15 of the Dungeon)
 m - a lightning rod (4/4)
   (You found it on level 4 of the Snake Pit)
 R - a condenser vane
   (You found it on level 5 of the Lair of Beasts)


   Skills:
 - Level 14.9 Fighting
 - Level 12.9(14.9) Short Blades
 - Level 13.2(15.7) Long Blades
 - Level 14.9 Armour
 - Level 14.9 Dodging
 + Level 7.3 Stealth
 - Level 14.9 Spellcasting
 - Level 14.9 Translocations
 - Level 7.3 Ice Magic
 - Level 14.9 Air Magic
 - Level 14.9 Invocations
 - Level 14.9 Evocations


You had 28 spell levels left.
You knew the following spells:

 Your Spells              Type           Power      Damage    Failure   Level
a - Vhi's Electric Charg  Tloc/Air       74%        N/A       1%          4
b - Manifold Assault      Tloc           37%        N/A       1%          4
c - Lesser Beckoning      Tloc           74%        N/A       1%          2
d - Ozocubu's Armour      Ice            22%        N/A       1%          3
p - Passwall              Erth           7%         N/A       30%         3
z - Irradiate             Conj/Alch      3%         3d12      96%         5
V - Swiftness             Air            37%        N/A       1%          3
Y - Blink                 Tloc           74%        N/A       1%          2

Your spell library contained the following spells:

 Spells                   Type           Power      Damage    Failure   Level
 Apportation              Tloc           74%        N/A       1%          1
 Freeze                   Ice            88%        1d9       1%          1
 Shock                    Conj/Air       88%        1d8       1%          1
 Cigotuvi's Dreadful Rot  Necr/Alch/Air  34%        N/A       1%          2
 Momentum Strike          Conj/Tloc      44%        3d9       1%          2
 Static Discharge         Conj/Air       44%        3-5/arc   1%          2
 Frozen Ramparts          Ice            44%        1d7       1%          3
 Gell's Gravitas          Tloc           37%        N/A       1%          3
 Teleport Other           Tloc           37%        N/A       1%          3
 Volatile Blastmotes      Fire/Tloc      44%        2d13      1%          3
 Airstrike                Air            18%        2d(3-19)  1%          4
 Passage of Golubria      Tloc           37%        N/A       1%          4
 Ensorcelled Hibernation  Hex/Ice        28%        N/A       3%          2
 Dispersal                Tloc           18%        N/A       3%          6
 Mephitic Cloud           Conj/Alch/Air  17%        N/A       4%          3
 Dimensional Bullseye     Hex/Tloc       11%        N/A       4%          4
 Summon Lightning Spire   Summ/Air       22%        N/A       4%          4
 Hailstorm                Conj/Ice       14%        3d6       7%          3
 Foxfire                  Conj/Fire      28%        2x1d5     11%         1
 Kiss of Death            Conj/Necr      28%        2d7       11%         1
 Magic Dart               Conj           28%        1d4       11%         1
 Slow                     Hex            28%        N/A       11%         1
 Sting                    Conj/Alch      28%        1d4       11%         1
 Summon Small Mammal      Summ           28%        N/A       11%         1
 Arcjolt                  Conj/Air       11%        1d21      13%         5
 Silence                  Hex/Air        11%        N/A       13%         5
 Call Imp                 Summ           14%        N/A       16%         2
 Jinxbite                 Hex            14%        N/A       16%         2
 Scorch                   Fire           14%        2d5       16%         2
 Sublimation of Blood     Necr           7%         N/A       16%         2
 Call Canine Familiar     Summ           7%         N/A       30%         3
 Confusing Touch          Hex            7%         N/A       30%         3
 Dazzling Flash           Conj/Hex       14%        N/A       30%         3
 Fugue of the Fallen      Necr           7%         N/A       30%         3
 Inner Flame              Hex/Fire       7%         N/A       30%         3
 Sigil of Binding         Hex            7%         N/A       30%         3
 Vampiric Draining        Necr           7%         2d6       30%         3
 Metabolic Englaciation   Hex/Ice        7%         N/A       52%         5
 Conjure Ball Lightning   Conj/Air       11%        3x3d6     58%         6
 Plasma Beam              Fire/Air       11%        2x1d22    58%         6
 Anguish                  Hex/Necr       3%         N/A       71%         4
 Animate Dead             Necr           7%         N/A       71%         4
 Cause Fear               Hex            3%         N/A       71%         4
 Flame Wave               Conj/Fire      7%         2d5       71%         4
 Ignite Poison            Fire/Alch      7%         N/A       71%         4
 Olgreb's Toxic Radiance  Alch           7%         N/A       71%         4
 Petrify                  Alch/Erth      7%         N/A       71%         4
 Sticky Flame             Fire/Alch      7%         2d4       71%         4
 Summon Blazeheart Golem  Fire/Summ      7%         N/A       71%         4
 Disjunction              Tloc           18%        N/A       83%         8
 Alistair's Intoxication  Alch           4%         N/A       96%         5
 Borgnjor's Vile Clutch   Necr/Erth      3%         N/A       96%         5
 Curse of Agony           Necr           7%         N/A       96%         5
 Sculpt Simulacrum        Ice/Alch       7%         N/A       98%         6
 Malign Gateway           Summ/Tloc      11%        N/A       99%         7
 Death Channel            Necr           3%         N/A       100%        6
 Eringya's Noxious Bog    Alch           3%         4d6       100%        6
 Starburst                Conj/Fire      3%         6d3       100%        6
 Summon Cactus Giant      Summ           3%         N/A       100%        6
 Enfeeble                 Hex            3%         N/A       100%        7
 Haunt                    Necr/Summ      3%         N/A       100%        7
 Orb of Destruction       Conj           3%         9d5       100%        7
 Spellforged Servitor     Conj/Summ      3%         N/A       100%        7
 Summon Hydra             Summ           3%         N/A       100%        7
 Borgnjor's Revivificati  Necr           3%         N/A       100%        8
 Discord                  Hex            3%         N/A       100%        8
 Ignition                 Fire           3%         3d4       100%        8
 Infestation              Necr           3%         N/A       100%        8
 Death's Door             Necr           3%         N/A       100%        9
 Fire Storm               Conj/Fire      3%         8d1       100%        9


Dungeon Overview and Level Annotations

Branches:
Dungeon (15/15)            Temple (1/1) D:6            Lair (5/5) D:9
 Shoals (4/4) Lair:2        Snake (4/4) Lair:3        Slime (0/5) Lair:4
    Orc (2/2) D:10            Elf (3/3) Orc:2        Vaults (5/5) D:13
  Crypt (0/3) Vaults:2     Depths (4/4) D:15            Zot (5/5) Depths:4

Altars:
Ashenzari
Cheibriados
Dithmenos
Elyvilon
Fedhas
Gozag
Hepliaklqana
Kikubaaqudgha
Makhleb
Nemelex Xobeh
Okawaru
Qazlal
Ru
Sif Muna
Trog
Uskayaw
Vehumet
Wu Jian
Xom
Yredelemnul
Zin
The Shining One
Beogh
Jiyva
Lugonu

Shops:
D:8 *[*:   D:9 ?(   D:12 (:   Orc:2 ?[(*((!?   Elf:2 ::=:   Elf:3 [
Shoals:2 [   Snake:1 :(=(   Vaults:2 !   Vaults:5 ???   Depths:1 ?*[(

Portals:
Hell: Depths:1 Depths:2 Depths:3 Depths:4
Abyss: Shoals:1 Depths:3
Pandemonium: Depths:2 Depths:3 Depths:4
Ziggurat: Depths:2

Annotations:
Shoals:1 1 runed translucent door, exclusion: door
Shoals:3 2 transporters, Qachyfaph's ghost, adept DsGl
Snake:1 5 runed translucent doors
Elf:2 1 runed translucent door, Qitta's ghost, adept TrFi
Zot:1 4 transporters
Zot:5 1 exclusion


Innate Abilities, Weirdness & Mutations

You can wield a second weapon in your off-hand.
It takes a long time for you to wield or remove held weapons.
Your first few attacks do less damage.
You cannot equip rings or amulets.
You are partially covered in iridescent scales. (AC +2)
You are agile. (Dex +4, Str/Int -1)
Your flesh is heat resistant. (rF+)


Message History

You closely miss the rust devil with your +9 demon blade of draining.
Uskayaw will force your foes to helplessly watch your dance.
Uskayaw prepares the audience for your solo!
Casting: Manifold Assault (safe; 1% risk of failure)
Confirm with . or Enter, or press ? or * to list all spells.
Space momentarily warps into an impossible shape!
You slash the rust devil with your +9 demon blade of draining!
You slice the rust devil with your +9 double sword of freezing!!
You freeze the rust devil.
You kill the rust devil!
(D) Dungeon (T) Temple (L) Lair (A) Shoals (P) Snake Pit (M) Slime Pits (O) Orcish Mines (E) Elven Halls (V) Vaults (C) Crypt (U) Depths (H) Hell (Z) Zot
Where to? (Tab/Enter - D:1 @ (x,y), ? - help)
There is an escape hatch in the ceiling here.
There is a stone staircase leading up here.
You climb upwards.
There is a stone staircase leading down here.
A rust devil comes into view.
Unknown command.
Casting: Manifold Assault (safe; 1% risk of failure)
Confirm with . or Enter, or press ? or * to list all spells.
Space momentarily warps into an impossible shape!
You slash the rust devil with your +9 double sword of freezing!
You completely miss the rust devil with your +9 demon blade of draining.
Casting: Manifold Assault (safe; 1% risk of failure)
Confirm with . or Enter, or press ? or * to list all spells.
Space momentarily warps into an impossible shape!
You closely miss the rust devil with your +9 demon blade of draining.
You slice the rust devil with your +9 double sword of freezing!!
You freeze the rust devil.
Casting: Manifold Assault (safe; 1% risk of failure)
Confirm with . or Enter, or press ? or * to list all spells.
Space momentarily warps into an impossible shape!
You slice the rust devil with your +9 double sword of freezing!!
You kill the rust devil!
(D) Dungeon (T) Temple (L) Lair (A) Shoals (P) Snake Pit (M) Slime Pits (O) Orcish Mines (E) Elven Halls (V) Vaults (C) Crypt (U) Depths (H) Hell (Z) Zot
Where to? (Tab/Enter - D:1 @ (x,y), ? - help)
There is an open door here.
There is a stone staircase leading up here.
You climb upwards.
There is a stone staircase leading down here.
Magic restored.
There is an escape hatch in the ceiling here.
Really go through this one-way escape hatch? [Y]es or [N]o only, please.
Really go through this one-way escape hatch? [Y]es or [N]o only, please.
Really go through this one-way escape hatch? [Y]es or [N]o only, please.
Really go through this one-way escape hatch?
A mysterious force pulls you upwards. The hatch slams shut behind you.
(D) Dungeon (T) Temple (L) Lair (A) Shoals (P) Snake Pit (M) Slime Pits (O) Orcish Mines (E) Elven Halls (V) Vaults (C) Crypt (U) Depths (H) Hell (Z) Zot
Where to? (Tab/Enter - D:1 @ (x,y), ? - help)
A Cotaudgh and a red devil come into view.
Unknown command.
Cotaudgh moves out of view.
The red devil moves out of view.
There is a stone staircase leading up here.
You climb upwards.
There is a stone staircase leading down here.
(D) Dungeon (T) Temple (L) Lair (A) Shoals (P) Snake Pit (M) Slime Pits (O) Orcish Mines (E) Elven Halls (V) Vaults (C) Crypt (U) Depths (H) Hell (Z) Zot
Where to? (Tab/Enter - D:1 @ (x,y), ? - help)
There is a stone staircase leading up here.
You climb upwards.
There is a stone staircase leading down here.
There is a stone staircase leading up here.
You climb upwards.
There is a stone staircase leading down here.
There is an open door here.
A shadow demon comes into view.
Unknown command.
Unknown command.
Casting: Manifold Assault (safe; 1% risk of failure)
Confirm with . or Enter, or press ? or * to list all spells.
Space momentarily warps into an impossible shape!
You slice the shadow demon with your +9 demon blade of draining!!
You barely miss the shadow demon with your +9 double sword of freezing.
Casting: Manifold Assault (safe; 1% risk of failure)
Confirm with . or Enter, or press ? or * to list all spells.
Space momentarily warps into an impossible shape!
You slice the shadow demon with your +9 demon blade of draining!!
You kill the shadow demon!
(D) Dungeon (T) Temple (L) Lair (A) Shoals (P) Snake Pit (M) Slime Pits (O) Orcish Mines (E) Elven Halls (V) Vaults (C) Crypt (U) Depths (H) Hell (Z) Zot
Where to? (Tab/Enter - D:1 @ (x,y), ? - help)
There is a staircase leading out of the dungeon here.
Unknown command.
You have escaped!

#....#
#.#(.......##.......##..
#....#
#.##.###.###.........#..
#....#
#.#..##...##....⌠....#..
###'##
#.###...##...........#.. #.#
#.# #########.......##.. #.#
#.####...######...####.. #.#
#.##.......## ###.####.. #.#
#.#.........# ###...###
#.####.#....@....####.......#
#......#..........##.........
#########.......##......⌠....
###...######......... #####
##.......# ###...### #####


There were no monsters in sight!

Vanquished Creatures
  A dread lich (Vaults:5)
  An ancient lich (Vaults:5)
  An orb of fire (Zot:5)
  Mara (Vaults:3)
  A juggernaut (Depths:3)
  Boris (Vaults:5)
  Margery (Vaults:3)
  3 curse toes
  Vashnia (Snake:4)
  Saint Roka (Orc:2)
  the Enchantress (Depths:1)
  Norris (Depths:1)
  11 golden dragons
  A bone dragon (Depths:4)
  2 doom hounds (Depths:3)
  An electric golem (Zot:1)
  17 tentacled monstrosities
  5 Orb Guardians
  A lich (Depths:2)
  2 titans (Vaults:5)
  A searing wretch (Vaults:3)
  Grunn (Depths:3)
  8 death cobs
  2 acid blobs (Depths:2)
  2 deep elf blademasters (Elf:3)
  4 sphinxes
  2 deep elf master archers (Elf:3)
  4 quicksilver dragons
  An eldritch tentacle (Elf:2)
  5 tengu reavers
  Kirke (D:13)
  A rockslime (Depths:2)
  9 shadow dragons
  Aizul (Snake:4)
  Ilsuiw (Shoals:2)
  21 storm dragons
  2 azure jellies (Depths:2)
  2 protean progenitors (Zot:3)
  5 draconian knights
  8 nagarajas (Snake:4)
  7 fire giants
  5 draconian monks
  18 vault wardens
  3 iron dragons
  4 deep elf sorcerers
  4 draconian scorchers
  2 draconian shifters
  A deep elf elementalist (Elf:3)
  9 frost giants
  Louise (Shoals:1)
  10 draconian annihilators
  21 ironbound preservers
  A balrug (Depths:2)
  A ghost moth (Zot:4)
  3 draconian stormcallers
  3 spriggan defenders (Depths:1)
  5 very ugly things
  4 formless jellyfish
  3 vampire knights
  14 green draconians
  8 stone giants
  8 ironbound thunderhulks
  11 black draconians
  10 red draconians
  18 dire elephants
  10 purple draconians
  9 white draconians
  10 deep elf death magi
  4 war gargoyles
  4 deep elf annihilators
  5 deep elf demonologists
  A spark wasp (Elf:2)
  10 yellow draconians
  12 ettins
  12 merfolk impalers
  A crystal guardian (Vaults:4)
  3 entropy weavers
  5 merfolk javelineers
  6 deep elf high priests
  Josephine (D:15)
  10 fire dragons
  5 great orbs of eyes
  12 yaktaur captains
  Erolcha (Orc:2)
  A salamander tyrant (Snake:1)
  A merfolk avatar (Shoals:4)
  An ogre mage (Vaults:5)
  3 peacekeepers
  5 ice dragons
  5 hydras
  8 centaur warriors
  A hell beast (Depths:2)
  Harold (D:10)
  2 alligator snapping turtles
  3 rakshasas
  5 two-headed ogres
  15 anacondas
  8 merfolk aquamancers
  26 vault guards
  2 death knights
  3 spriggan air magi
  2 catoblepae
  10 ironbound frosthearts
  10 boulder beetles
  32 dancing weapons
  2 satyrs
  9 death yaks
  A two-headed ogre (shapeshifter) (Depths:2)
  A deep troll shaman (Depths:3)
  2 vampire magi
  12 naga sharpshooters
  14 shock serpents
  5 tengu warriors
  A titan zombie (Depths:2)
  5 deep troll earth magi
  22 deep elf knights
  19 hell knights
  A sun demon (Depths:2)
  5 spriggan berserkers
  2 occultists (D:15)
  3 soul eaters
  4 orc high priests
  Sonja (D:11)
  7 skysharks
  11 naga warriors
  2 fire crabs (Elf:2)
  3 iron trolls
  A titan skeleton (Depths:2)
  A sixfirhy (Depths:2)
  3 spectral death yaks (Lair:5)
  4 glowing orange brains
  9 mana vipers
  24 sea snakes
  A spectral anaconda (Lair:5)
  3 large abominations (Depths:3)
  2 sun moths (Elf:2)
  67 deep trolls
  A shadow demon (D:1)
  5 arcanists
  5 flayed ghosts
  5 naga ritualists
  An obsidian statue (Lair:5)
  25 ironbound convokers
  15 deep elf archers
  A shadow dragon zombie (Depths:1)
  A lindwurm (shapeshifter) (D:15)
  19 harpies
  22 deep elf zephyrmancers
  An oklob plant (Lair:2)
  14 necromancers
  5 orc knights
  4 lightning spires (Elf:2)
  3 thermic dynamos (Elf:3)
  A phantasmal warrior (Vaults:5)
  6 lindwurms
  A sphinx simulacrum (Vaults:1)
  6 salamanders
  The ghost of SkaryMonk the Chopper, a novice CoGl (D:5)
  The ghost of flappinfish the Chopper, a novice CoGl of Wu Jian (D:5)
  6 cyclopes
  23 deep elf pyromancers
  A stone giant zombie (Vaults:1)
  An iron dragon zombie (Depths:2)
  32 ugly things
  A fire giant zombie (Depths:1)
  3 orc sorcerers
  A will-o-the-wisp (Elf:2)
  19 fauns
  14 manticores
  18 moths of wrath
  10 centaur zombies (D:10)
  39 black mambas
  19 elephants
  20 vault sentinels
  3 worldbinders (Elf:2)
  2 rust devils
  2 meliai (shapeshifter)
  A black mamba (shapeshifter) (D:14)
  2 apocalypse crabs (Shoals:1)
  7 guardian serpents
  18 naga magi
  31 slime creatures
  A dire elephant zombie (Lair:5)
  7 merfolk sirens
  A smoke demon (Depths:3)
  A storm dragon simulacrum (Depths:2)
  An elf zombie (Vaults:1)
  5 water nymphs
  4 eyes of devastation (Depths:2)
  A dire elephant skeleton (Lair:5)
  6 molten gargoyles
  11 cane toads
  Jeremiah (D:6)
  2 hellions
  6 unseen horrors
  A rime drake (D:9)
  An unseen horror zombie (D:10)
  3 freezing wraiths
  10 komodo dragons
  A tormentor (Depths:3)
  32 yaktaurs
  3 efreet
  2 red devils
  A tengu conjurer (Depths:1)
  24 merfolk
  A merfolk (shapeshifter) (Vaults:5)
  A polar bear (shapeshifter) (Elf:2)
  A spriggan skeleton (Depths:1)
  4 hornets
  9 wind drakes (Shoals:4)
  2 polar bears
  8 trolls
  2 raiju (Elf:2)
  A tarantella (Vaults:2)
  2 dream sheep (Shoals:1)
  Grinder (D:4)
  16 blink frogs
  5 snapping turtles
  3 jumping spiders (Elf:2)
  9 air elementals
  5 shadows
  5 wyverns
  13 wraiths
  3 spriggans
  Eustachio (D:5)
  34 yaks
  7 vampires
  29 water elementals
  3 basilisks
  3 fire elementals
  4 hogs (D:13)
  A golden eye (Depths:2)
  3 chaos spawn (Depths:3)
  8 vampire mosquitoes
  2 steam dragons
  2 wargs
  2 redbacks (Vaults:2)
  4 spectral cane toads (Lair:5)
  2 spatial vortices (Elf:2)
  40 nagas
  3 acid dragons
  10 water moccasins
  Duvessa (D:5)
  3 elephant zombies (Lair:5)
  A human skeleton (Depths:1)
  20 orc warriors
  4 ice beasts
  A black bear (Lair:3)
  A meliai simulacrum (D:14)
  2 sky beasts (D:7)
  2 elephant skeletons (Lair:5)
  6 boggarts
  8 ogres
  18 wolves
  13 centaurs
  2 kobold brigands
  2 human zombies (Vaults:1)
  12 bullfrogs
  2 gnoll sergeants
  A scorpion (Lair:1)
  A cane toad simulacrum (Lair:5)
  4 small abominations (Depths:3)
  12 wights
  Dowan (D:5)
  An elephant simulacrum (Lair:5)
  12 killer bees
  6 howler monkeys
  4 electric eels
  3 bombardier beetles
  A lava snake (Elf:2)
  2 jellies (D:7)
  A gnoll bouda (D:7)
  39 orc priests
  3 hounds
  2 sleepcaps (D:7)
  5 iguanas
  24 orc wizards
  6 hell rats
  2 howler monkey zombies (D:10)
  5 adders
  15 gnolls
  2 shadow imps (D:6)
  3 white imps
  7 dart slugs
  2 ribbon worms
  63 orcs
  4 endoplasms
  3 giant cockroaches (D:4)
  4 goblins
  11 hobgoblins
  2 jackals (D:5)
  12 kobolds
  2 quokkas (D:4)
  6 ball pythons
  4 frilled lizards
  9 rats
1993 creatures vanquished.

Vanquished Creatures (collateral kills)
  2 salamanders (Snake:2)
2 creatures vanquished.

Vanquished Creatures (others)
  A draconian annihilator (Zot:3)
  An eidolon (Elf:2)
  A great orb of eyes (Elf:2)
  A shock serpent (Snake:2)
  An occultist (D:15)
  A deep elf pyromancer (Elf:2)
  A deep elf zephyrmancer (Elf:2)
  A salamander (Snake:2)
  2 glass eyes (Elf:2)
  2 orc wizards
  4 foxfires (Elf:2)
  4 tentacles (Shoals:2)
20 creatures vanquished.

Grand Total: 2015 creatures vanquished

Notes
Turn   | Place    | Note
-------+----------+-------------------------------------------
     0 | D:5      | EnegeticOcto the Coglin Delver began the quest for the Orb.
     0 | D:5      | Reached XP level 1. HP: 18/18 MP: 1/1
    22 | D:5      | Noticed a bombardier beetle
    65 | D:5      | Found a runed translucent gate.
    65 | D:5      | Found a runed translucent gate.
    67 | D:5      | Found a runed translucent gate.
    71 | D:5      | Noticed a hound
   100 | D:5      | Killed a hound
   101 | D:5      | Reached skill level 3 in Short Blades
   101 | D:5      | Reached XP level 2. HP: 14/24 MP: 2/2
   101 | D:5      | Reached XP level 3. HP: 18/29 MP: 3/3
   165 | D:5      | Noticed flappinfish's ghost (novice CoGl)
   165 | D:5      | Noticed SkaryMonk's ghost (novice CoGl)
   175 | D:5      | Found a shimmering altar of Xom.
   457 | D:5      | Noticed Duvessa
   457 | D:5      | Noticed Dowan
   753 | D:1      | Reached XP level 4. HP: 35/35 MP: 4/4
   767 | D:1      | Found a faded altar of an unknown god.
   937 | D:1      | Reached skill level 4 in Short Blades
  2375 | D:3      | Reached XP level 5. HP: 37/41 MP: 5/5
  2994 | D:4      | Reached skill level 5 in Short Blades
  3034 | D:4      | Found a sparkling altar of Nemelex Xobeh.
  3051 | D:4      | Reached XP level 6. HP: 40/47 MP: 6/6
  3109 | D:4      | Found a glowing golden altar of the Shining One.
  3203 | D:4      | Found a snail-covered altar of Cheibriados.
  3204 | D:4      | Noticed Grinder
  3485 | D:4      | Noticed a steam dragon
  3887 | D:4      | Reached skill level 6 in Short Blades
  4266 | D:4      | Killed a steam dragon
  4267 | D:4      | Reached skill level 7 in Short Blades
  4267 | D:4      | Reached XP level 7. HP: 34/52 MP: 7/7
  4617 | D:4      | Killed Grinder
  4618 | D:4      | Reached skill level 8 in Short Blades
  4618 | D:4      | Reached XP level 8. HP: 31/58 MP: 8/8
  5358 | D:5      | Killed Duvessa
  5373 | D:5      | Killed Dowan
  5374 | D:5      | Reached skill level 9 in Short Blades
  5564 | D:6      | Noticed Eustachio
  5588 | D:5      | Killed Eustachio
  5896 | D:6      | Identified the +1 ring mail of the Weak God {+Blink +Inv
                  | rC- Regen+}
  6036 | D:6      | Reached skill level 10 in Short Blades
  6236 | D:6      | Noticed Jeremiah
  6363 | D:6      | Reached XP level 9. HP: 29/63 MP: 9/9
  6511 | D:6      | Found a staircase to the Ecumenical Temple.
  6517 | Temple   | Entered the Ecumenical Temple
  6583 | Temple   | Became a worshipper of Uskayaw the Reveller
  6724 | D:6      | Reached * piety under Uskayaw
  7494 | D:7      | Reached skill level 2 in Dodging
  7503 | D:7      | Noticed a hornet
  7513 | D:7      | Killed a hornet
  7514 | D:7      | Reached skill level 1 in Armour
  7712 | D:7      | Reached ** piety under Uskayaw
  7714 | D:7      | Reached skill level 4 in Fighting
  7808 | D:7      | Reached *** piety under Uskayaw
  7904 | D:7      | Reached skill level 5 in Fighting
  8106 | D:7      | Learned a level 2 spell: Blink
  8230 | D:7      | Found a sacrificial altar of Ru.
  8337 | D:7      | Reached skill level 6 in Fighting
  9388 | D:7      | Found a sacrificial altar of Ru.
  9797 | D:8      | Reached skill level 7 in Fighting
  9798 | D:8      | Noticed a two-headed ogre
  9978 | D:8      | Reached XP level 10. HP: 67/80 MP: 10/10
 10146 | D:8      | Found a stormy altar of Qazlal.
 10157 | D:8      | Reached skill level 8 in Fighting
 10306 | D:8      | Killed a two-headed ogre
 10307 | D:8      | Reached skill level 9 in Fighting
 10506 | D:8      | Found Ricionit's General Store.
 10506 | D:8      | Found Raynte's Book Shoppe.
 11525 | D:8      | Found Jutiutz's Antique Armour Emporium.
 11697 | D:8      | Found Ziduosith's General Store.
 11930 | D:8      | Bought a potion of curing for 36 gold pieces
 11961 | D:8      | Bought a pair of gloves for 135 gold pieces
 11988 | D:8      | Bought a potion of might for 56 gold pieces
 11996 | D:8      | Bought a scroll of identify for 24 gold pieces
 11996 | D:8      | Bought 2 scrolls of identify for 48 gold pieces
 11996 | D:8      | Bought a scroll of teleportation for 36 gold pieces
 12133 | D:9      | Found Qiwumy's Magic Scroll Emporium.
 12147 | D:9      | Reached skill level 10 in Fighting
 12218 | D:9      | Bought a scroll of blinking for 82 gold pieces
 12218 | D:9      | Bought a scroll of fear for 44 gold pieces
 12837 | D:9      | Reached skill level 11 in Fighting
 13527 | D:9      | Found a staircase to the Lair.
 13682 | D:9      | Found a bloodstained altar of Trog.
 13715 | D:9      | Found Afuelo's Antique Weapon Shoppe.
 13723 | D:9      | Reached skill level 2 in Armour
 14127 | D:10     | Entered Level 10 of the Dungeon
 14164 | D:10     | Noticed Harold
 14199 | Lair:1   | Entered Level 1 of the Lair of Beasts
 14214 | Lair:1   | Learned a level 3 spell: Ozocubu's Armour
 14257 | Lair:1   | Noticed a catoblepas
 14283 | Lair:1   | Killed a catoblepas
 14284 | Lair:1   | Reached skill level 3 in Dodging
 14284 | Lair:1   | Reached skill level 1 in Invocations
 14284 | Lair:1   | Reached XP level 11. HP: 82/93 MP: 5/12
 14453 | D:8      | Bought a scroll of teleportation for 36 gold pieces
 14644 | Lair:1   | Reached **** piety under Uskayaw
 14646 | Lair:1   | Reached skill level 2 in Invocations
 14647 | Lair:1   | Reached skill level 3 in Armour
 14803 | Lair:1   | Learned a level 5 spell: Irradiate
 14911 | Lair:1   | Reached skill level 5 in Stealth
 15177 | Lair:2   | Noticed a lindwurm
 15197 | Lair:2   | Killed a lindwurm
 15549 | Lair:2   | Reached skill level 4 in Dodging
 16794 | Lair:2   | Reached skill level 3 in Invocations
 17399 | Lair:2   | Reached skill level 4 in Armour
 17634 | Lair:2   | Noticed a boulder beetle
 17662 | Lair:2   | Killed a boulder beetle
 17929 | Lair:2   | Found a staircase to the Shoals.
 17973 | Lair:2   | Reached skill level 5 in Dodging
 17978 | Lair:2   | Reached skill level 6 in Stealth
 18406 | D:9      | Bought a scroll of identify for 22 gold pieces
 18406 | D:9      | Bought a scroll of amnesia for 44 gold pieces
 18618 | Lair:2   | Noticed an oklob plant
 18859 | Lair:3   | Noticed a four-headed hydra
 18869 | Lair:3   | Noticed a boulder beetle
 18879 | Lair:3   | Killed a four-headed hydra
 18880 | Lair:3   | Reached skill level 12 in Fighting
 18880 | Lair:3   | Reached XP level 12. HP: 39/102 MP: 1/14
 19098 | Lair:3   | Killed a boulder beetle
 19099 | Lair:3   | Reached skill level 4 in Invocations
 19275 | Lair:3   | Reached skill level 5 in Armour
 19765 | Lair:3   | Identified the +2 robe of Inquiry {Rampage *Corrode rC+++
                  | Int+2}
 19862 | Lair:3   | Reached skill level 1 in Ice Magic
 20266 | Lair:3   | Found a staircase to the Snake Pit.
 20933 | Lair:3   | Reached skill level 2 in Ice Magic
 21076 | Lair:3   | Reached skill level 6 in Dodging
 21628 | D:8      | Bought a +0 cloak for 54 gold pieces
 22129 | Lair:3   | Reached skill level 5 in Invocations
 22202 | Lair:4   | Noticed a skyshark
 22270 | Lair:4   | Found a broken altar of Ashenzari.
 22539 | Lair:4   | Reached skill level 3 in Ice Magic
 22725 | Lair:4   | Reached ***** piety under Uskayaw
 22731 | Lair:4   | Killed a skyshark
 23347 | Lair:4   | Found a viscous altar of Jiyva.
 23347 | Lair:4   | Found a staircase to the Slime Pits.
 24064 | Lair:4   | Reached skill level 4 in Ice Magic
 24348 | Lair:4   | Found a viscous altar of Jiyva.
 24349 | Lair:4   | Found a staircase to the Slime Pits.
 24442 | Lair:4   | Found a broken altar of Ashenzari.
 24481 | Lair:4   | Reached skill level 7 in Dodging
 24481 | Lair:4   | Reached XP level 13. HP: 98/109 MP: 17/17
 24991 | Lair:5   | Entered Level 5 of the Lair of Beasts
 25117 | Lair:5   | Reached skill level 13 in Fighting
 25271 | Lair:5   | Reached skill level 6 in Invocations
 25912 | Lair:5   | Reached skill level 5 in Ice Magic
 26684 | Lair:5   | Reached skill level 8 in Dodging
 26927 | Lair:5   | Identified the +7 orcbow of Naagi {speed, rF+ Str+3}
 27099 | Lair:5   | Reached skill level 7 in Invocations
 27110 | Lair:5   | Reached skill level 6 in Ice Magic
 27910 | Lair:5   | Reached XP level 14. HP: 119/119 MP: 13/19
 27910 | Lair:5   | Acquired a thermorecursive subsystem {rF+ Will+ Regen+
                  | RegenMP+}
 27935 | Lair:5   | Reached skill level 14 in Fighting
 28544 | D:10     | Reached skill level 9 in Dodging
 29218 | D:10     | Reached skill level 7 in Ice Magic
 29371 | D:10     | Found an ornate altar of the Wu Jian Council.
 29468 | D:10     | Found a staircase to the Orcish Mines.
 29618 | D:10     | Found a transporter.
 29673 | D:10     | Found a transporter.
 29674 | D:10     | Found a white marble altar of Elyvilon.
 29703 | D:10     | Killed Harold
 29884 | D:10     | Found a shimmering blue altar of Sif Muna.
 29908 | D:10     | Got Sif Muna's Compendium of Diablerie
 30246 | D:11     | Reached skill level 8 in Invocations
 30246 | D:11     | Reached skill level 1 in Evocations
 30314 | D:11     | Noticed Sonja
 30318 | D:11     | Killed Sonja
 30375 | D:11     | Reached skill level 2 in Evocations
 30774 | D:12     | Found Cij Nir's Weapon Shop.
 31092 | D:12     | Found Hurchiviar's Book Shoppe.
 31484 | D:12     | Reached skill level 1 in Spellcasting
 31592 | Orc:1    | Entered Level 1 of the Orcish Mines
 31857 | Orc:1    | Found a roughly hewn altar of Beogh.
 32009 | Orc:1    | Reached skill level 3 in Evocations
 32112 | Orc:2    | Entered Level 2 of the Orcish Mines
 32112 | Orc:2    | Noticed Saint Roka
 32937 | Orc:2    | Noticed Erolcha
 32940 | Orc:2    | Killed Saint Roka
 32941 | Orc:2    | Reached skill level 2 in Spellcasting
 32952 | Orc:2    | Reached skill level 4 in Evocations
 32973 | Orc:2    | Killed Erolcha
 33027 | Orc:2    | Found a staircase to the Elven Halls.
 33246 | Orc:2    | Found Woqiffeer's Antique Armour Shoppe.
 33249 | Orc:2    | Bought a pair of brightly glowing gloves for 256 gold
                  | pieces
 33249 | Orc:2    | Identified the +0 pair of gloves "Hisobof" {rF+} (You
                  | bought it in a shop on level 2 of the Orcish Mines)
 33311 | Orc:2    | Found Tyriuhes's Antique Armour Shop.
 33823 | Orc:2    | Reached XP level 15. HP: 115/127 MP: 21/21
 33953 | Orc:2    | Found Xyelusch's Distillery.
 33953 | Orc:2    | Found Zoifiq's Weapon Emporium.
 33954 | Orc:2    | Found Corhips's Assorted Antiques.
 33957 | Orc:2    | Found Gurofuonk's Weapon Shoppe.
 33970 | Orc:2    | Bought a scroll labelled ZETHIA PAFA for 31 gold pieces
 33973 | Orc:2    | Bought a potion of heal wounds for 60 gold pieces
 33995 | Orc:2    | Reached skill level 5 in Evocations
 34030 | Orc:2    | Found Bymij's Antique Weapon Shop.
 34045 | Orc:2    | Found Webluar's Magic Scroll Emporium.
 34053 | Orc:2    | Bought 2 scrolls of butterflies for 128 gold pieces
 34053 | Orc:2    | Bought a scroll of teleportation for 48 gold pieces
 34248 | Orc:2    | Found Isytant's Magic Scroll Emporium.
 34252 | Orc:2    | Bought a scroll of enchant armour for 112 gold pieces
 34252 | Orc:2    | Bought a scroll of fear for 60 gold pieces
 34252 | Orc:2    | Bought a scroll of fear for 60 gold pieces
 34454 | D:9      | Bought a warped falchion for 224 gold pieces
 34454 | D:9      | Identified the +1 falchion "Piq Amock" {flame, Str+2} (You
                  | bought it in a shop on level 9 of the Dungeon)
 34494 | D:9      | Bought a scroll of enchant armour for 82 gold pieces
 34599 | D:13     | Reached skill level 10 in Dodging
 34600 | D:13     | Reached skill level 3 in Spellcasting
 35445 | D:13     | Reached skill level 6 in Evocations
 35769 | D:13     | Found a gate to the Vaults.
 35800 | D:13     | Reached skill level 9 in Invocations
 35809 | D:13     | Noticed Kirke
 35845 | D:13     | Killed Kirke
 36272 | D:13     | Reached skill level 4 in Spellcasting
 36833 | D:14     | Learned a level 3 spell: Swiftness
 36838 | D:14     | Learned a level 4 spell: Vhi's Electric Charge
 36842 | D:14     | Learned a level 3 spell: Passwall
 36984 | D:14     | Noticed Nessos
 36985 | D:14     | Nessos changed into Nessos the wolf
 36985 | D:14     | Noticed Nessos
 36989 | D:14     | Killed Nessos the wolf
 36990 | D:14     | Reached skill level 7 in Evocations
 37216 | D:13     | Reached skill level 1 in Translocations
 37418 | D:14     | Gained mutation: You occasionally lose the ability to drink
                  | potions when taking damage. [potion of mutation]
 37419 | D:14     | Lost mutation: You occasionally lose the ability to drink
                  | potions when taking damage. [potion of mutation]
 37419 | D:14     | Gained mutation: You expend magic power (3 MP) to
                  | strengthen your wands. [potion of mutation]
 37712 | D:14     | Reached skill level 1 in Long Blades
 38214 | D:15     | Entered Level 15 of the Dungeon
 38247 | D:15     | Reached skill level 2 in Long Blades
 38255 | D:15     | Found a broken altar of Ashenzari.
 38405 | Orc:2    | Bought a faintly humming ring mail for 243 gold pieces
 38405 | Orc:2    | Identified the +1 ring mail of Inevitability {rC+} (You
                  | bought it in a shop on level 2 of the Orcish Mines)
 38793 | D:15     | Noticed Josephine
 38799 | D:15     | Killed Josephine
 38800 | D:15     | Reached skill level 3 in Long Blades
 38856 | D:14     | Reached skill level 4 in Long Blades
 39222 | D:15     | Reached skill level 5 in Long Blades
 39314 | D:15     | Reached skill level 6 in Long Blades
 39351 | D:15     | Identified the +5 great mace "Koumuat" {flame, SInv}
 39426 | D:15     | Found a staircase to the Depths.
 39449 | D:15     | Reached XP level 16. HP: 59/134 MP: 22/22
 39537 | D:15     | Reached skill level 7 in Long Blades
 39845 | Snake:1  | Entered Level 1 of the Snake Pit
 39845 | Snake:1  | Found Anerolupt's Antique Weapon Shop.
 39929 | Snake:1  | Reached skill level 8 in Long Blades
 40194 | Snake:1  | Found a huge runed translucent gate.
 40194 | Snake:1  | Found a huge runed translucent gate.
 40194 | Snake:1  | Found a huge runed translucent gate.
 40195 | Snake:1  | Found a huge runed translucent gate.
 40195 | Snake:1  | Found a huge runed translucent gate.
 40315 | Snake:1  | Found a shimmering altar of Xom.
 40533 | Snake:1  | Found Ymimaut's Antique Weapon Emporium.
 40555 | Snake:1  | Found Joloem's Book Boutique.
 40620 | Snake:1  | Found Wotof's Jewellery Shop.
 40626 | Snake:1  | Reached skill level 9 in Long Blades
 41206 | Snake:2  | Reached skill level 10 in Long Blades
 41785 | Snake:2  | Reached skill level 11 in Long Blades
 43262 | Snake:3  | Reached skill level 12 in Long Blades
 43641 | Snake:3  | Reached skill level 11 in Dodging
 43967 | Snake:3  | Identified the +5 ring mail of Slovenliness {^Drain rF++
                  | Slay+3}
 44367 | Snake:3  | Reached skill level 10 in Invocations
 44367 | Snake:3  | Reached XP level 17. HP: 128/140 MP: 24/24
 44790 | Snake:4  | Entered Level 4 of the Snake Pit
 45450 | Snake:4  | Identified the serpent talisman of the Blizzard {Dex+4}
 45450 | Snake:4  | Noticed Aizul
 45465 | Snake:4  | Killed Aizul
 45801 | Snake:4  | Reached skill level 12 in Dodging
 46513 | Shoals:1 | Entered Level 1 of the Shoals
 46676 | Shoals:1 | Reached skill level 11 in Invocations
 46936 | Shoals:1 | Noticed Louise
 46961 | Shoals:1 | Killed Louise
 47160 | Shoals:1 | Found a runed translucent door.
 47166 | Shoals:1 | Found a corrupted altar of Lugonu.
 47166 | Shoals:1 | Found a one-way gate to the infinite horrors of the Abyss.
 47405 | Shoals:2 | Noticed a kraken
 47994 | Shoals:2 | Noticed Ilsuiw
 48005 | Shoals:2 | Reached skill level 13 in Dodging
 48018 | Shoals:2 | Reached ****** piety under Uskayaw
 48034 | Shoals:2 | Killed Ilsuiw
 48136 | Shoals:2 | Found Hugife Bukli's Antique Armour Boutique.
 48746 | Shoals:3 | Reached skill level 6 in Armour
 48786 | Shoals:3 | Reached XP level 18. HP: 131/148 MP: 26/26
 48824 | Shoals:3 | Reached skill level 12 in Invocations
 49129 | Shoals:3 | Noticed Qachyfaph's ghost (adept DsGl)
 49130 | Shoals:3 | Found a transporter.
 49139 | Shoals:3 | Found a transporter.
 49610 | D:5      | Killed flappinfish's ghost
 49616 | D:5      | Killed SkaryMonk's ghost
 49742 | D:6      | Killed Jeremiah
 50014 | Shoals:4 | Entered Level 4 of the Shoals
 50392 | Shoals:4 | Paralysed by an air elemental for 1 turns
 50400 | Shoals:4 | Learned a level 2 spell: Lesser Beckoning
 50589 | Shoals:4 | Reached skill level 2 in Translocations
 50669 | Shoals:4 | Reached skill level 7 in Armour
 51340 | Shoals:4 | Reached skill level 3 in Translocations
 51392 | Shoals:4 | Paralysed by an air elemental for 1 turns
 51922 | Shoals:4 | Reached skill level 14 in Dodging
 52048 | Shoals:4 | Reached skill level 4 in Translocations
 52480 | Shoals:4 | Identified the +2 executioner's axe "Hoiffiesiex" {freeze,
                  | Int+2 Stlth+}
 52491 | Shoals:4 | Identified the ring of Huatwu {*Corrode rF+ Slay+3 SInv}
 52500 | Shoals:4 | Reached skill level 8 in Armour
 52717 | Shoals:4 | Reached skill level 5 in Translocations
 52719 | Shoals:4 | Reached skill level 5 in Spellcasting
 52925 | Shoals:4 | Paralysed by an air elemental for 1 turns
 52929 | Shoals:4 | Paralysed by an air elemental for 1 turns
 53131 | Shoals:4 | Got a barnacled rune of Zot
 53445 | Elf:1    | Entered Level 1 of the Elven Halls
 53494 | Elf:1    | Reached skill level 6 in Translocations
 53552 | Elf:1    | Reached skill level 1 in Air Magic
 53615 | Elf:1    | Reached skill level 6 in Spellcasting
 53638 | Elf:1    | Reached skill level 2 in Air Magic
 53643 | Elf:1    | Reached XP level 19. HP: 49/154 MP: 1/28
 53755 | Elf:1    | Reached skill level 7 in Translocations
 53811 | Elf:1    | Reached skill level 3 in Air Magic
 54574 | Elf:2    | Found a runed translucent door.
 54589 | Elf:2    | Found a large runed translucent door.
 54589 | Elf:2    | Found a large runed translucent door.
 54609 | Elf:2    | Found a large runed translucent door.
 54609 | Elf:2    | Found a large runed translucent door.
 54708 | Elf:2    | Found Daleag's Book Emporium.
 54717 | Elf:2    | Bought a book of Battle for 494 gold pieces
 54722 | Elf:2    | Learned a level 4 spell: Manifold Assault
 54742 | Elf:2    | Paralysed by an air elemental for 1 turns
 54753 | Elf:2    | Reached skill level 7 in Spellcasting
 54763 | Elf:2    | Reached skill level 8 in Translocations
 54982 | Elf:2    | Got the Folio of Feathers
 55233 | Elf:2    | Found Imixzew's Jewellery Shop.
 55234 | Elf:2    | Found Zelus's Book Emporium.
 55234 | Elf:2    | Found Fasmoujio's Book Emporium.
 55324 | Elf:2    | Paralysed by an air elemental for 1 turns
 55360 | Elf:2    | Got the Exposition on Sidekicks
 55464 | Elf:2    | Reached skill level 9 in Translocations
 55483 | Elf:2    | Got the Secrets of the Vector
 55729 | Elf:2    | Got the Octavo of Fire
 55794 | Elf:2    | Got Pipuprait's Incunabulum of Malisons
 55847 | Elf:2    | Found a shimmering altar of Xom.
 55847 | Elf:2    | Noticed Qitta's ghost (adept TrFi)
 56530 | Elf:2    | Reached skill level 10 in Translocations
 56684 | Elf:2    | Reached skill level 8 in Spellcasting
 57227 | Elf:3    | Entered Level 3 of the Elven Halls
 57329 | Elf:3    | Found Kousuvah's Antique Armour Shop.
 57344 | Elf:3    | Reached skill level 11 in Translocations
 57591 | Elf:3    | Reached XP level 20. HP: 161/161 MP: 29/32
 58600 | Elf:3    | Reached skill level 12 in Translocations
 58616 | Elf:3    | Reached skill level 9 in Spellcasting
 59099 | Elf:3    | Identified the +0 plate armour "Qaopim" {Harm rN++}
 59385 | Elf:3    | Identified the +10 chain mail of Qownosi {+Blink rC++
                  | Regen+ Stlth-}
 59504 | Elf:3    | Identified the +6 glaive of Reidghaef {drain, Will+ Dex+2}
 59504 | Elf:3    | Identified the +2 robe of the Ant {rF+ Int+2}
 59991 | Elf:3    | Reached skill level 8 in Evocations
 60055 | Elf:3    | Identified the ring of Taexurr {EV+5 Dex+5}
 60431 | Elf:3    | Identified the staff "Kiqehun" {rPois Str+3 Int-4 Necro
                  | Earth Alchemy}
 60453 | Elf:3    | Found the +6 lightning scales {swift, rElec}
 60471 | Elf:3    | Identified the +1 ring mail "Lafocu" {Rampage rN+ Dex+2}
 60472 | Elf:3    | Identified the amulet "Ojenacw" {*Corrode Regen+ Slay+3
                  | Stlth+}
 60477 | Elf:3    | Identified the +0 troll leather armour of Xom's
                  | Felicitations {Regen+ Int-4 Dex+2 SInv}
 60524 | Elf:3    | Identified a scroll of acquirement
 60607 | Elf:3    | Acquired a +3 double sword of freezing
 60793 | Vaults:1 | Entered Level 1 of the Vaults
 60842 | Vaults:1 | You fall into a shaft and drop 1 floor!
 60842 | Vaults:2 | Found Ralyg's Distillery.
 60916 | Vaults:2 | Bought 2 potions of heal wounds for 190 gold pieces
 60916 | Vaults:2 | Bought a potion of heal wounds for 95 gold pieces
 60916 | Vaults:2 | Bought a potion of enlightenment for 95 gold pieces
 60916 | Vaults:2 | Bought a potion of enlightenment for 95 gold pieces
 60916 | Vaults:2 | Bought a potion of enlightenment for 95 gold pieces
 60916 | Vaults:2 | Bought a potion of cancellation for 152 gold pieces
 61927 | Vaults:1 | Reached skill level 9 in Evocations
 62765 | Vaults:2 | Reached XP level 21. HP: 166/167 MP: 24/34
 63207 | Vaults:2 | Reached skill level 10 in Spellcasting
 63251 | Vaults:2 | Reached skill level 13 in Translocations
 63253 | Vaults:2 | Reached skill level 10 in Evocations
 63638 | Vaults:2 | Reached skill level 13 in Invocations
 63649 | Vaults:2 | Found a staircase to the Crypt.
 64027 | Vaults:3 | Reached skill level 13 in Long Blades
 64083 | Vaults:3 | Noticed Mara
 64097 | Vaults:3 | Killed Mara
 64380 | Vaults:3 | Noticed Margery
 64718 | Vaults:3 | Identified the +0 pair of gloves "Iludoent" {rC++ Int+5}
 64806 | Vaults:3 | Reached skill level 11 in Evocations
 65084 | Vaults:3 | Killed Margery
 65631 | Vaults:4 | Identified the +4 scale mail of Vioraf {-Tele rElec rPois
                  | Str+4}
 65782 | Vaults:4 | Found a portal to a secret trove of treasure.
 65924 | Vaults:4 | Reached skill level 12 in Evocations
 66016 | Vaults:4 | Reached skill level 14 in Translocations
 66016 | Vaults:4 | Reached XP level 22. HP: 174/174 MP: 36/36
 66020 | Vaults:4 | Reached skill level 11 in Spellcasting
 67435 | Vaults:5 | Entered Level 5 of the Vaults
 67482 | Vaults:4 | You paid a toll of a +5 demon whip to enter a treasure
                  | trove
 67483 | Trove    | Entered a treasure trove
 67487 | Trove    | Found the +3 pair of mountain boots {steadfast, rC+}
 67492 | Trove    | Identified the +4 scale mail of Plasticity {rCorr}
 67496 | Trove    | Identified the +0 helmet of the Albatross {+Blink Fly Str-4
                  | SInv}
 67499 | Trove    | Identified the +1 cloak "Veyn" {rC+ Str-3 Dex+5}
 67512 | Trove    | Identified the +1 kite shield of Dyighysm {Str+6}
 67513 | Trove    | Identified the +0 cloak of the Moneychanger {rN+}
 67861 | Depths:1 | Entered Level 1 of the Depths
 67861 | Depths:1 | Found a bloodstained altar of Trog.
 67940 | Depths:1 | Reached skill level 14 in Invocations
 67940 | Depths:1 | Reached skill level 13 in Evocations
 68003 | Depths:1 | Found a gateway to Hell.
 68010 | Depths:1 | Found Arib Tag's Armour Boutique.
 68012 | Depths:1 | Found Eduq's General Store.
 68014 | Depths:1 | Found Huseuq's Magic Scroll Boutique.
 68020 | Depths:1 | Bought a scroll of blinking for 105 gold pieces
 68020 | Depths:1 | Bought a scroll of fog for 56 gold pieces
 68022 | Depths:1 | Bought a scroll of enchant weapon for 97 gold pieces
 68022 | Depths:1 | Bought a scroll of silence for 123 gold pieces
 68057 | Depths:1 | Noticed the Enchantress
 68063 | Depths:1 | Killed the Enchantress
 68187 | Depths:1 | Noticed Norris
 68194 | Depths:1 | Killed Norris
 68359 | Depths:1 | Found Goutt's Weapon Emporium.
 68587 | Depths:1 | Identified the ring of Kuajao {rPois rN++ Will++ Slay+4}
 68937 | Depths:2 | Reached skill level 14 in Evocations
 68978 | Depths:2 | Reached skill level 12 in Spellcasting
 69143 | Depths:2 | Found a viscous altar of Jiyva.
 69256 | Depths:2 | Reached XP level 23. HP: 177/180 MP: 39/39
 69374 | Depths:2 | Found a transporter.
 69377 | Depths:2 | Found a transporter.
 69551 | Depths:2 | Found a one-way gateway to a ziggurat.
 69621 | Depths:2 | Found a one-way gate leading to the halls of Pandemonium.
 69748 | Depths:2 | Identified the +4 shortbow "Fuw Lon" {drain, Fly rElec rC+}
 70150 | Depths:3 | Reached skill level 13 in Spellcasting
 70312 | Depths:3 | Noticed Grunn
 70317 | Depths:3 | Killed Grunn
 70585 | Depths:3 | Found the ring of the Hare {EV+10}
 70624 | Depths:3 | Noticed a golden dragon
 70633 | Depths:3 | Killed a golden dragon
 70840 | Depths:3 | Reached skill level 14 in Spellcasting
 70929 | Depths:3 | Noticed a juggernaut
 70937 | Depths:3 | Killed a juggernaut
 71230 | Depths:4 | Entered Level 4 of the Depths
 71773 | Depths:4 | Noticed a golden dragon
 71776 | Depths:4 | Killed a golden dragon
 71904 | Depths:4 | Noticed a golden dragon
 71914 | Depths:4 | Reached skill level 4 in Air Magic
 71915 | Depths:4 | Killed a golden dragon
 71963 | Depths:4 | Found a gate to the Realm of Zot.
 72001 | Depths:4 | Identified the +0 scale mail of Raleigof {rF+ Dex+5}
 72837 | Depths:3 | Identified the +11 glaive "Zuokho" {holy, Dex+3}
 73287 | Lair:5   | Found the +7 mace of Variability {chaos, chaos arc}
 73558 | Lair:5   | Reached skill level 11 in Short Blades
 73860 | Orc:2    | Bought a scroll of blinking for 120 gold pieces
 73885 | Orc:2    | Bought a scroll of blinking for 232 gold pieces
 73885 | Orc:2    | Bought 2 scrolls of fear for 248 gold pieces
 73887 | Orc:2    | Bought a potion of curing for 36 gold pieces
 73887 | Orc:2    | Bought a potion of curing for 36 gold pieces
 73887 | Orc:2    | Bought a potion of curing for 36 gold pieces
 73887 | Orc:2    | Bought a potion of curing for 36 gold pieces
 73887 | Orc:2    | Bought a potion of haste for 120 gold pieces
 73887 | Orc:2    | Bought a potion of mutation for 96 gold pieces
 73887 | Orc:2    | Lost mutation: You expend magic power (3 MP) to strengthen
                  | your wands. [potion of mutation]
 73887 | Orc:2    | Gained mutation: You are weak. (Str -2) [potion of
                  | mutation]
 73887 | Orc:2    | Gained mutation: Your magical capacity is low. (-10% MP)
                  | [potion of mutation]
 73888 | Orc:2    | Lost mutation: Your magical capacity is low. (-10% MP)
                  | [potion of mutation]
 73888 | Orc:2    | Lost mutation: You are weak. (Str -2) [potion of mutation]
 73888 | Orc:2    | Gained mutation: Your spells are a little easier to cast,
                  | but a little less powerful. [potion of mutation]
 73889 | Orc:2    | Lost mutation: Your spells are a little easier to cast, but
                  | a little less powerful. [potion of mutation]
 73889 | Orc:2    | Gained mutation: Your health recovers twice as slowly from
                  | being drained. [potion of mutation]
 73890 | Orc:2    | Lost mutation: Your health recovers twice as slowly from
                  | being drained. [potion of mutation]
 73890 | Orc:2    | Gained mutation: You are agile. (Dex +4, Str/Int -1)
                  | [potion of mutation]
 73890 | Orc:2    | Gained mutation: You are partially covered in iridescent
                  | scales. (AC +2) [potion of mutation]
 73890 | Orc:2    | Gained mutation: Your flesh is heat resistant. (rF+)
                  | [potion of mutation]
 74175 | Vaults:5 | Reached skill level 5 in Air Magic
 74178 | Vaults:5 | Reached XP level 24. HP: 187/187 MP: 28/41
 74597 | Vaults:5 | Reached skill level 9 in Armour
 74700 | Vaults:5 | Noticed an ancient lich
 74712 | Vaults:5 | Killed an ancient lich
 74745 | Vaults:5 | Reached skill level 6 in Air Magic
 74890 | Vaults:5 | Identified the +4 leather armour of Fatryr {Str+5 Dex+5}
 74911 | Vaults:5 | Found Batroufe's Magic Scroll Boutique.
 74922 | Vaults:5 | Bought a scroll of enchant weapon for 97 gold pieces
 74922 | Vaults:5 | Bought a scroll of fog for 52 gold pieces
 74923 | Vaults:5 | Bought a scroll of brand weapon for 123 gold pieces
 75019 | Vaults:5 | Identified the +1 plate armour of Dramatic Exits {rElec
                  | Str+3 SInv}
 75029 | Vaults:5 | Identified the ring "Tiseduta" {*Corrode rPois rF- rN+++
                  | EV+5}
 75131 | Vaults:5 | Reached skill level 12 in Short Blades
 75159 | Vaults:5 | Reached skill level 7 in Air Magic
 75413 | Vaults:5 | Reached skill level 10 in Armour
 75432 | Vaults:5 | Found Losoy's Magic Scroll Shoppe.
 75437 | Vaults:5 | Bought a scroll of enchant weapon for 150 gold pieces
 76015 | Vaults:5 | Found Homaad's Magic Scroll Shoppe.
 76172 | Vaults:5 | Reached skill level 8 in Air Magic
 76284 | Vaults:5 | Got the Book of Projection
 76339 | Vaults:5 | Noticed a dread lich
 76344 | Vaults:5 | Killed a dread lich
 76387 | Vaults:5 | Identified the +4 robe "Gehuasa" {Harm Rampage +Blink}
 76387 | Vaults:5 | Noticed Boris
 76393 | Vaults:5 | Killed Boris
 76581 | Vaults:5 | Got a silver rune of Zot
 76757 | Vaults:5 | Reached skill level 11 in Armour
 77083 | D:8      | Bought a wand of digging (6) for 352 gold pieces
 77894 | Snake:4  | Reached skill level 9 in Air Magic
 77918 | Snake:4  | Reached XP level 25. HP: 193/193 MP: 15/41
 78054 | Snake:4  | Noticed Vashnia
 78078 | Snake:4  | Killed Vashnia
 78257 | Snake:4  | Got a serpentine rune of Zot
 78703 | Zot:1    | Entered Level 1 of the Realm of Zot
 78903 | Zot:1    | Reached skill level 12 in Armour
 78941 | Zot:1    | Found a transporter.
 79077 | Zot:1    | Found a transporter.
 79087 | Zot:1    | Reached skill level 10 in Air Magic
 79314 | Zot:1    | Found a transporter.
 79716 | Zot:1    | Found a transporter.
 80295 | Zot:2    | Identified the staff of the Imbibing Pariah {rElec rN+ Air}
 80367 | Zot:2    | Reached skill level 11 in Air Magic
 80719 | Zot:2    | Reached skill level 13 in Armour
 82065 | Zot:3    | Reached skill level 12 in Air Magic
 82227 | Zot:3    | Reached skill level 14 in Armour
 82312 | Zot:3    | Reached XP level 26. HP: 196/198 MP: 7/41
 82768 | Zot:4    | Reached skill level 13 in Air Magic
 83628 | Zot:4    | Reached skill level 14 in Air Magic
 83946 | Zot:5    | Entered Level 5 of the Realm of Zot
 84342 | Zot:5    | Noticed an orb of fire
 84347 | Zot:5    | Killed an orb of fire
 84382 | Zot:5    | Noticed an orb of fire
 84382 | Zot:5    | Noticed an orb of fire
 84387 | Zot:5    | Got the Orb of Zot
 84388 | Zot:5    | Noticed a dread lich
 84388 | Zot:5    | Noticed an orb of fire
 84388 | Zot:5    | Noticed a Killer Klown
 84658 | D:15     | Reached skill level 7 in Stealth
 84889 | D:4      | Noticed Cotaudgh the pandemonium lord
 84973 | D:$      | Escaped with the Orb!

Illustrated notes

Levels and vault maps discovered:
D:1:      dpeg_arrival_three_same_balls, layout_basic,
          shapermc_ecumenical_altar_flowoftime, minmay_pentomino_o2
D:2:      layout_loops_ring
D:3:      layout_basic
D:4:      cheibrodos_barr_body, layout_loops_ring, old_standard_altar,
          mainiacjoe_overflow_chevrons, mainiacjoe_overflow_alcove_2,
          uniq_grinder
D:5:      layout_loops_ring, brannock_xom_greatest_gift,
          gammafunk_ghost_cemetery, uniq_duvessa
D:6:      layout_basic, minmay_temple_entry_fiery, uniq_eustachio, uniq_jeremiah
D:7:      kennysheep_spiral_hall, layout_loops_ring,
          nicolae_ru_sacrificial_ziggurat
D:8:      layout_loops_corners, mainiacjoe_overflow_concentric_impassable,
          nicolae_shop_national_dungeon_mall, grunt_decor_clamped
D:9:      layout_loops_ring, overflow_temple_1_default, hellmonk_lair_entry_icy,
          serial_shops, shop, shop
D:10:     layout_cave_pools, led_sif_book, amcnicky_altar_gilded,
          elyvilon_altar_4, david_orc_3, serial_undead, serial_undead_a,
          serial_undead_c, serial_undead_b, serial_undead_b, serial_undead_f,
          serial_undead_f, serial_undead_f, serial_undead_e,
          palyth_stone_intersect, uniq_harold
D:11:     layout_rooms, uniq_sonja
D:12:     layout_basic, serial_shops, shop, nicolae_shop_window_shopping
D:13:     layout_layer_cave, david_vaults_1, minmay_orc_keep, uniq_kirke
D:14:     layout_basic, grunt_ministairs_3, uniq_nessos
D:15:     kennysheep_seaside_town, layout_basic, moated_statue,
          nicolae_lava_and_water, ashenzari_altar_1, uniq_josephine
Temple:   minmay_temple_forest_path
Lair:1:   layout_chaotic_city, infiniplex_staircase_pool
Lair:2:   layout_chaotic_city, minmay_shoals_entry_centaurs, serial_bayou,
          serial_bayou_lake_a, serial_bayou_shore_a, serial_bayou_pond_c,
          serial_bayou_ford_a
Lair:3:   layout_cave_pods, guppyfry_snake_entry_garden, grunt_megastairs_3
Lair:4:   layout_roguey, dpeg_slime_entry_enclosed, basic_altar,
          grunt_megastairs_2
Lair:5:   due_jungle_book, layout_gridlike, grunt_megastairs_1,
          lemuel_fruit_tree, lemuel_fruit_fields
Shoals:1: layout_shoals, abandoned_shop, nicolae_shoals_abyss_on_the_beach,
          uniq_louise
Shoals:2: layout_shoals, serial_shops, nicolae_lakefront_shop, uniq_ilsuiw
Shoals:3: layout_shoals, ebering_ghost_davey_jones
Shoals:4: shoals_end_hellmonk_storm_palace [storm_palace_center_ruins,
          storm_palace_corner_reverse_hut, storm_palace_corner_grid,
          storm_palace_corner_reverse_hut, storm_palace_corner_narrow]
Snake:1:  layout_misc_corridors, serial_shops, nicolae_diamond_shop, shop,
          nicolae_shop_gibbet_a_chance, shop, basic_altar,
          hangedman_venom_bottle
Snake:2:  nicolae_snake_unarmed_stairs_patrol, layout_grid_maze
Snake:3:  layout_layer_cave, nicolae_elevator_lobby_plus
Snake:4:  grunt_snake_rune_pools, layout_layer_cave, grunt_megastairs_4,
          uniq_vashnia, uniq_aizul
Orc:1:    layout_caves, basic_altar
Orc:2:    st_orc_mages, layout_caves, serial_shops, nicolae_square_shop,
          nicolae_shop_back_alley_shop, nicolae_shop_real_fake_doors, shop,
          nicolae_shop_tiny_waterfront, uniq_saint_roka, uniq_erolcha
Elf:1:    eino_elf_arrival_shootout, layout_loops_cross,
          nicolae_elf_crossing_hall, minivault_8
Elf:2:    elven_hall_of_blades_hangedman_alternative
          [nicolae_blade_entry_splitting_headache], layout_onion_city,
          ebering_ghost_xom, serial_shops, shop, serial_magic_research,
          hangedman_research_convocations, hangedman_research_quantum,
          hangedman_research_pyrotechnics, hangedman_research_electronics,
          hangedman_research_probablistics, minmay_shop_grove
Elf:3:    elf_hall, layout_geoelf_castle, serial_shops, shop,
          small_statue_intersection, nicolae_twisting_strands
Vaults:1: nicolae_vaults_hallways_thing, vaults_standard_mumra_x,
          ontoclasm_vaults_spin, ontoclasm_vaults_eye, v_pattern_2,
          nicolae_vaults_wine_cellar, ontoclasm_vaults_decontamination,
          layout_vaults_quadrants
Vaults:2: minmay_crypt_entry_vampire_xt, nicolae_vaults_display_case,
          ontoclasm_vaults_ligature, hangedman_vaults_slither,
          nicolae_vaults_storage_closets_2, nicolae_vaults_storage_closets_1,
          vaults_room_semicircle, nicolae_vaults_tetromino_L_1,
          layout_vaults_chaotic_city, serial_shops,
          nicolae_shop_just_a_little_nook
Vaults:3: v_misc_1, nicolae_vaults_storage_room_glass, vaults_room_large_hall,
          nicolae_vaults_network_quinsquares
          [nicolae_vaults_network_quincunx_subvault,
          nicolae_vaults_network_quincunx_subvault,
          nicolae_vaults_network_quincunx_subvault,
          nicolae_vaults_network_quincunx_subvault], nicolae_vaults_octothorpe,
          vaults_mumra_bighexcomb, v_pattern_5, grunt_vaults_swirl,
          nicolae_vaults_cochlea, nicolae_vaults_little_ls,
          nicolae_vaults_diamond_2, nicolae_vaults_more_shelving_2,
          vaults_room_pools, layout_vaults_ring, uniq_mara, uniq_margery
Vaults:4: ontoclasm_vaults_loading_screen, ontoclasm_vaults_shuriken, v_rooms_2,
          nicolae_vaults_closet_pinwheel_3, vaults_standard_mumra_lines,
          v_misc_2, v_misc_3, v_misc_28, nicolae_vaults_offset_grid_hallway_3,
          nicolae_vaults_trapezoid_4, ontoclasm_vaults_pinch,
          hangedman_vaults_stretched_pinwheel, nicolae_vaults_house_1,
          nicolae_vaults_shelves_hall, layout_vaults_omnicross,
          nicolae_trove_entry_diagonal
Vaults:5: uniq_boris
Depths:1: layout_gridville, hell_entry, serial_shops,
          nicolae_shop_bloodbath_and_beyond, minmay_crystal_water,
          ebering_dispersal_statue_hall, minmay_misc_feat_more_columns,
          bloody_trog, serial_bayou_shore_b, minmay_shop_star,
          serial_bayou_shore_b, uniq_norris, uniq_enchantress
Depths:2: gammafunk_jiyva_shrine, layout_basic, enter_ziggurat_c,
          grunt_mini_vestibule, grunt_pan_entry_in_and_out,
          infiniplex_staircase_diamond, firewood_loft
Depths:3: minmay_inside_and_out, layout_gridville, pf_hell_entry_tar_spiral,
          minmay_room_of_horrors, grunt_pan_entry_zigzag,
          infiniplex_staircase_zigzag_3, uniq_grunn
Depths:4: grunt_zot_entry_gee_three, layout_honeycomb, hell_entry,
          grunt_pan_entry_spiral
Zot:1:    layout_concentric_octagons, nicolae_diode_intersection
Zot:2:    layout_gridlike, regret_index_zotdec_misc_clamp
Zot:3:    layout_gridlike, skrybe_zot_glass_3
Zot:4:    layout_misc_corridors
Zot:5:    layout_cathedral_of_symmetry, grunt_ministairs_1

Skill      XL: |  1  2  3  4  5  6  7  8  9 10 11 12 13 14 15 16 17 18 19 20 21 22 23 24 25 26 |
---------------+-------------------------------------------------------------------------------+-----
Short Blades   | 3 4 5 7 8 10 11 12 | 12.9
Dodging        | 2 3 5 7 8 9 10 11 13 14 | 14.9
Armour         | 1 2 4 5 6 8 11 14 | 14.9
Fighting       | 7 11 12 13 14 | 14.9
Invocations    | 1 3 5 7 8 9 10 11 12 13 14 | 14.9
Stealth        | 6 7 |  7.3
Ice Magic      | 4 6 7 |  7.3
Evocations     | 4 7 9 12 14 | 14.9
Spellcasting   | 2 4 6 8 9 10 12 14 | 14.9
Translocations | 1 6 11 12 14 | 14.9
Long Blades    | 6 12 13 | 13.2
Air Magic      | 2 3 5 9 12 14 | 14.9

Action                     |  1- 3 |  4- 6 |  7- 9 | 10-12 | 13-15 | 16-18 | 19-21 | 22-24 | 25-27 || total
---------------------------+-------+-------+-------+-------+-------+-------+-------+-------+-------++-------
  Melee: Dagger            |    41 |   157 |   454 |  1700 |  3069 |       |       |       |       ||  5421
         Short sword       |    24 |       |       |       |  1235 |       |       |       |       ||  1259
         Rapier            |    11 |   166 |    76 |       |       |       |       |       |       ||   253
         Scimitar          |       |       |       |       |   216 |  1907 |   837 |       |       ||  2960
         Long sword        |       |       |       |       |       |       |   199 |       |       ||   199
         Demon blade       |       |       |       |       |       |       |   568 |  1021 |   565 ||  2154
         Double sword      |       |       |       |       |       |       |   533 |  1035 |   584 ||  2152
  Throw: Dart              |       |       |    14 |    54 |    25 |     9 |       |       |       ||   102
         Throwing net      |       |       |       |       |     1 |       |       |       |       ||     1
   Cast: Ozocubu's Armour  |       |       |       |       |    57 |    19 |     7 |       |       ||    83
         Blink             |       |       |       |       |     2 |     1 |       |     1 |     1 ||     5
         Lesser Beckoning  |       |       |       |       |       |     5 |     3 |       |       ||     8
         Manifold Assault  |       |       |       |       |       |       |   398 |   538 |   387 ||  1323
         Vhi's Electric Ch |       |       |       |       |       |       |       |     3 |    19 ||    22
 Invoke: Stomp             |       |       |     3 |    28 |    58 |     4 |     1 |       |       ||    94
         Line Pass         |       |       |       |     9 |     2 |     4 |       |       |       ||    15
Ability: Invent Gizmo      |       |       |       |       |     1 |       |       |       |       ||     1
  Evoke: Wand              |       |       |       |       |    11 |     6 |     2 |       |     5 ||    24
         Lightning rod     |       |       |       |       |       |     5 |       |       |     4 ||     9
         Phial of floods   |       |       |       |       |       |     1 |       |       |       ||     1
    Use: Potion            |     1 |       |     1 |     1 |     4 |     2 |       |     6 |     4 ||    19
         Scroll            |       |     8 |     5 |    10 |    13 |     3 |    15 |     9 |     9 ||    72
   Stab: Sleeping          |     4 |    12 |     7 |     4 |    10 |    15 |     9 |     2 |       ||    63
         Paralysed         |       |       |     4 |    15 |    54 |   143 |    72 |    48 |     2 ||   338
         Distracted        |       |       |       |     1 |     2 |     5 |       |     1 |       ||     9
         Confused          |       |       |       |     5 |       |     5 |       |       |       ||    10
         Held in net/web   |       |       |       |       |     2 |       |       |       |       ||     2
 Armour: Leather armour    |    16 |    87 |       |       |       |       |       |       |       ||   103
         Steam dragon scal |       |       |   114 |   396 |   886 |   229 |       |       |       ||  1625
         Skin              |       |       |       |       |    12 |       |       |       |       ||    12
         Ring mail         |       |       |       |       |       |   338 |       |       |       ||   338
         Troll leather arm |       |       |       |       |       |    93 |   249 |   145 |    71 ||   558
  Dodge: Dodged            |    21 |    65 |   123 |   369 |  1227 |   775 |   287 |   262 |    96 ||  3225

Table legend: (Time is in decaauts)
 A = Elapsed time spent in this place.
 B = Non-inter-level travel time spent in this place.
 C = Inter-level travel time spent in this place.
 D = Time resting spent in this place.
 E = Time spent auto-exploring this place.
 F = Levels seen in this place.
 G = Mean time per level.
                   A        B        C        D        E       F      G
               +--------+--------+--------+--------+--------+-----+--------+
         Total |  82680 |  73744 |   8936 |  19212 |  40633 |  49 | 1687.3 |
       Dungeon |  23944 |  20291 |   3653 |   4488 |  11164 |  15 | 1596.3 |
        Temple |    124 |      2 |    122 |      0 |      0 |   1 |  124.0 |
          Lair |  14568 |  13279 |   1289 |   5652 |   5681 |   5 | 2913.6 |
        Shoals |   6479 |   6033 |    446 |   2385 |   2136 |   4 | 1619.8 |
     Snake Pit |   7039 |   6601 |    438 |   1245 |   4227 |   4 | 1759.8 |
  Orcish Mines |   2764 |   2437 |    327 |    828 |   1056 |   2 | 1382.0 |
   Elven Halls |   7077 |   6811 |    266 |   2911 |   2517 |   3 | 2359.0 |
        Vaults |   9462 |   8338 |   1124 |    868 |   6093 |   5 | 1892.4 |
        Depths |   5463 |   4636 |    827 |    185 |   3824 |   4 | 1365.8 |
           Zot |   5671 |   5229 |    442 |    647 |   3932 |   5 | 1134.2 |
         Trove |     84 |     84 |      0 |      0 |      0 |   1 |   84.0 |
               +--------+--------+--------+--------+--------+-----+--------+

Top non-repeatable levels by time:
   Elf:3: 3382 daAuts
  Lair:4: 3318 daAuts
  Lair:3: 3288 daAuts
  Lair:2: 3242 daAuts
Shoals:4: 3163 daAuts
     D:9: 2877 daAuts
  Lair:5: 2658 daAuts
Vaults:5: 2570 daAuts
   Elf:2: 2566 daAuts
     D:7: 2484 daAuts
     D:8: 2445 daAuts
    D:13: 2254 daAuts
 Snake:3: 2130 daAuts
  Lair:1: 2060 daAuts
 Snake:4: 1960 daAuts

Table legend:
 A = Kills in this place as a percentage of kills in the entire game.
 B = Kills by you in this place as a percentage of kills by you in the entire game.
 C = Kills by friends in this place as a percentage of kills by friends in the entire game.
 D = Other kills in this place as a percentage of other kills in the entire game.
 E = Experience gained in this place as a percentage of experience gained in the entire game.
 F = Experience gained in this place divided by the number of levels of this place that you have seen.
                   A       B       C       D       E      F
               +-------+-------+-------+-------+-------+----------------------
         Total | 100.0 | 100.0 | 100.0 | 100.0 | 100.0 | 24473.8
       Dungeon |  19.5 |  19.5 |   0.0 |  28.6 |   6.4 | 5077.4
          Lair |   9.4 |   9.4 |   0.0 |  14.3 |   5.4 | 13068.4
        Shoals |   9.1 |   9.2 |   0.0 |   0.0 |   7.9 | 23612.2
     Snake Pit |   9.2 |   9.1 | 100.0 |  14.3 |   8.8 | 26511.5
  Orcish Mines |   5.1 |   5.1 |   0.0 |  14.3 |   1.2 | 6992.0
   Elven Halls |   9.7 |   9.7 |   0.0 |  14.3 |  11.2 | 44705.7
        Vaults |  19.3 |  19.4 |   0.0 |   0.0 |  26.8 | 64369.4
        Depths |  10.1 |  10.2 |   0.0 |   0.0 |  14.8 | 44389.8
           Zot |   8.4 |   8.4 |   0.0 |  14.3 |  17.5 | 41941.8
               +-------+-------+-------+-------+-------+----------------------
